AoeStats
← 騎豬的猴子

Fortress

507277585Analyzed
2v2 RM · 16d ago on Sep 17, 2026· 40m 11s· 4 players
Game mode
Random Map
Map size
Normal (6 player)
Population
200
Speed
Normal
Resources
Standard
Victory
Conquest
Starting age
Dark Age
Ending age
Imperial Age
RankedLock teamsTeams togetherTeam positionsShared explorationLock speedFull tech treeHidden civsTurbo modeCheats
Victory
Defeat
🇮🇩 Franks · Indonesia
1151
+12
🇨🇳 Italians · China
1147
+12
🇹🇼 Goths · Taiwan
1097
-13
🇹🇼 Byzantines · Taiwan
1030
-11
Momo
6:53 Feudal Age
7:51 Double-Bit Axe
12:19 Castle Age
12:05 Gold Mining
13:31 Wheelbarrow
15:27 Bow Saw
16:10 Wheelbarrow
19:26 Gold Shaft Mining
20:06 Hand Cart
19:56 Town Watch
19:57 Loom
24:53 Imperial Age
24:07 #83
24:13 Forging
24:09 Scale Barding Armor
24:28 Husbandry
24:59 Town Patrol
25:38 Cavalier
26:49 Conscription
27:15 Chain Barding Armor
27:12 Squires
28:17 Iron Casting
28:30 Paladin
31:14 Blast Furnace
30:51 Plate Barding Armor
30:40 Stone Mining
31:02 Chivalry
33:36 Blast Furnace
timerunner
6:27 Feudal Age
11:33 Castle Age
10:14 Double-Bit Axe
10:22 Horse Collar
14:14 Gold Mining
14:15 Stone Mining
14:58 Bow Saw
14:51 Heavy Plow
23:58 Imperial Age
22:50 Wheelbarrow
22:01 Loom
22:54 Wheelbarrow
22:53 Squires
22:39 Arson
22:56 Scale Mail Armor
23:56 Stone Shaft Mining
24:40 Chain Mail Armor
24:42 Forging
25:07 Conscription
26:06 Plate Mail Armor
27:52 Chemistry
28:25 Thumb Ring
28:42 Ballistics
29:14 Iron Casting
28:30 Fletching
28:41 Padded Archer Armor
31:09 Blast Furnace
31:08 Bodkin Arrow
31:30 Leather Archer Armor
32:08 Elite Genoese Crossbowman
33:45 Masonry
33:51 Bracer
騎豬的猴子
6:23 Feudal Age
12:01 Castle Age
10:32 Double-Bit Axe
15:29 Stone Mining
15:51 Bow Saw
17:54 Scale Mail Armor
21:31 Pikeman
23:34 Ballistics
23:31 Fletching
26:07 Murder Holes
27:26 Squires
30:02 Forging
30:30 Elite Skirmisher
35:47 Imperial Age
33:38 Arson
34:47 Chain Mail Armor
36:48 Conscription
光的影子
0:27 Loom
9:47 Feudal Age
12:45 Wheelbarrow
12:20 Horse Collar
12:29 Double-Bit Axe
15:38 Castle Age
14:20 Bloodlines
14:19 Town Watch
15:52 Gold Mining
15:52 Stone Mining
17:07 Bow Saw
18:32 Pikeman
19:13 Squires
24:03 Heavy Plow
27:43 Forging
27:34 Scale Mail Armor
27:39 Scale Barding Armor
30:43 Imperial Age
31:22 Cavalier
36:15 Conscription
36:39 Anarchy
Connection lost

Rejoining the realm…

Still unreachable

The connection could not be restored.

Session expired

The server has moved on; the page needs a fresh start.